 Dungeon Crawl Stone Soup version 0.21-a0-442-g848f44b (webtiles) character file.

54 4thArraOfDagon the Slasher (level 3, 0/34 HPs)
             Began as a Naga Berserker on Nov 15, 2017.
             Was a Follower of Trog.
             Slain by an adder (4 damage)
             ... on level 3 of the Dungeon.
             The game lasted 00:02:56 (520 turns).

4thArraOfDagon the Slasher (Naga Berserker)          Turns: 520, Time: 00:02:56

Health: 0/34       AC:  5    Str: 19    XL:     3   Next: 91%
Magic:  3/3        EV:  5    Int:  8    God:    Trog [*.....]
Gold:   49         SH:  0    Dex: 10    Spells: 2/2 levels left

rFire    . . .     SeeInvis +   a - +0 falchion
rCold    . . .     Gourm    .   (no shield)
rNeg     . . .     Faith    .   i - +1 chain mail
rPois    +         Spirit   .   (no helmet)
rElec    .         Reflect  .   (no cloak)
rCorr    .         Harm     .   k - -2 pair of gloves (curse)
MR       .....                  (no barding)
Stlth    ..........             (no amulet)
HPRegen  0.11/turn              (no ring)
MPRegen  0.08/turn              (no ring)

@: berserk cooldown, slowed, very slow
A: see invisible, deformed body, poison resistance, slowness 2, slow metabolism
1, spit poison 1, AC +1
a: Spit Poison, Berserk, Burn Spellbooks, Renounce Religion


You were on level 3 of the Dungeon.
You worshipped Trog.
Trog was aware of your devotion.
You were not hungry.

You visited 1 branch of the dungeon, and saw 3 of its levels.

You collected 49 gold pieces.

Inventory:

Hand Weapons
 a - a +0 falchion (weapon)
Armour
 b - a +0 animal skin
 i - a +1 chain mail (worn)
 k - a cursed -2 pair of gloves (worn)
Scrolls
 d - a scroll of fog
 j - a scroll of recharging
Comestibles
 c - a bread ration


   Skills:
 - Level 3.0 Fighting
 * Level 4.7 Long Blades
 - Level 1.5 Armour
 - Level 1.5 Dodging


You had 2 spell levels left.
You didn't know any spells.

Dungeon Overview and Level Annotations

Branches:
Dungeon (3/15)

Altars:


Innate Abilities, Weirdness & Mutations

You cannot wear boots.
Your serpentine skin is tough. (AC +1)
You have supernaturally acute eyesight. (SInv)
Armour fits poorly on your strangely shaped body.
Your system is resistant to poisons. (rPois)
You cover ground very slowly.
You have a slow metabolism.
You can spit poison.


Message History

The orc hits you with a war axe.
* * * LOW HITPOINT WARNING * * *
Found 14 gold pieces.
Unknown command.
Unknown command.
The orc hits you with a war axe.
* * * LOW HITPOINT WARNING * * *
Unknown command.
Unknown command.
The orc barely misses you.
Unknown command.
Unknown command.
You feel better. The adder bites you but does no damage.
The orc hits you with a war axe!
* * * LOW HITPOINT WARNING * * *
The orc hits you but does no damage.
Unknown command.
Unknown command.
The adder bites you.
You die...

.....# ....# ....#
§.§.# #
######§#.##$##
#§§§§§.§......
#o####§..##
#.##.#####o.##.#
##....).@So.....#
.........<.o..>......
..##########.........
#......... #.........
#......... ##########


You could see an adder and 3 orcs.

Vanquished Creatures
  An orc wizard (D:3)
  2 worms (D:2)
  A dart slug (D:2)
  3 goblins
  2 hobgoblins
  2 kobolds (D:2)
  A quokka (D:2)
  6 bats
  2 frilled lizards
  3 rats
23 creatures vanquished.

Notes
Turn   | Place    | Note
-------+----------+-------------------------------------------
     0 | D:1      | 4thArraOfDagon the Naga Berserker began the quest for the Orb.
     0 | D:1      | Reached XP level 1. HP: 21/21 MP: 1/1
   157 | D:2      | Reached XP level 2. HP: 28/28 MP: 2/2
   384 | D:2      | Reached skill level 4 in Long Blades
   402 | D:2      | Reached XP level 3. HP: 34/34 MP: 3/3
   520 | D:3      | Slain by an adder

Vault maps used:
D:1:      saegor_arrival_simple_d
D:2:      first_bread

Skill      XL: |  1  2 |
---------------+-------+-----
Long Blades    | 4 |  4.7
Fighting       | |  3.0
Armour         | |  1.5
Dodging        | |  1.5

Action                   || total
-------------------------++-------
Melee: Falchion          ||    34
Invok: Berserk           ||     3
 Abil: Spit Poison       ||    21
  Use: Scroll            ||     3
       Potion            ||     3
  Eat: Chunk             ||     2
       Bread ration      ||     1
Armor: Animal skin       ||     3
       Chain mail        ||    23
Dodge: Dodged            ||    18
       Rpst.: Falchion   ||     4

Table legend:
 A = Spawn XP
 B = Non-spawn XP
 C = Spawn XP percentage of total XP
 D = Spawn monster count
 E = Non-spawn monster count
 F = Spawn count percentage of total count
 G = Total turns spent on level
                    A         B        C        D         E        F      G
               +---------+---------+-------+---------+---------+-------+---------
         Total |       0 |      78 |   0.0 |       0 |      23 |   0.0 |   520
               +---------+---------+-------+---------+---------+-------+---------
           D:1 |       0 |       8 |   0.0 |       0 |       6 |   0.0 |   152
           D:2 |       0 |      33 |   0.0 |       0 |      16 |   0.0 |   337
           D:3 |       0 |      37 |   0.0 |       0 |       1 |   0.0 |    31
               +---------+---------+-------+---------+---------+-------+---------
